 Dungeon Crawl Stone Soup version 0.27.1-15-g792fb953b9 (webtiles) character file.

Game seed: 11410084470434057895

897 ddubois the Covert (level 7, -4/38 HPs)
             Began as a Spriggan Delver on Nov 19, 2021.
             Was an Initiate of Ru.
             Succumbed to a water moccasin's poison
             ... on level 6 of the Dungeon.
             The game lasted 00:30:28 (9817 turns).

ddubois the Covert (Spriggan Delver)                Turns: 9817, Time: 00:30:28

Health: -4/38      AC:  2    Str:  8    XL:     7   Next: 79%
Magic:  8/8        EV: 21    Int: 13    God:    Ru [......]
Gold:   277        SH:  0    Dex: 17    Spells: 6/6 levels left

rFire    . . .     SeeInvis +   a - +0 short sword
rCold    . . .     Faith    .   (shield restricted)
rNeg     . . .     Spirit   .   x - +0 robe
rPois    .         Reflect  .   (helmet restricted)
rElec    .         Harm     .   (no cloak)
rCorr    .         Rampage  .   (gloves unavailable)
Will     +....                  (boots unavailable)
Stlth    +++++.....             (no amulet)
HPRegen  0.12/turn              (no ring)
MPRegen  0.11/turn              (no ring)

@: lethally poisoned (-4 -> -32), very quick
A: very small, no large weapons, unfitting armour, see invisible, speed 3
a: Renounce Religion


You were on level 6 of the Dungeon.
You worshipped Ru.
Ru was noncommittal.
You visited 2 branches of the dungeon, and saw 7 of its levels.
You also visited: Sewer.

You collected 277 gold pieces.

Inventory:

Hand Weapons
 a - a +0 short sword (weapon)
 b - a +0 hunting sling
 h - a +0 rapier
 s - a +0 spear
Missiles
 u - 8 sling bullets
 v - 106 stones (quivered)
 y - 18 arrows
 z - 5 boomerangs
 B - 32 poisoned darts
 E - 11 bolts
Armour
 x - a +0 robe (worn)
Jewellery
 n - a ring of fire
Wands
 g - a wand of digging (3)
 k - a wand of iceblast (7)
Scrolls
 c - 2 scrolls of fog
 d - 2 scrolls of brand weapon {unknown}
 e - a scroll of fear
 l - 2 scrolls of amnesia {unknown}
 p - 2 scrolls of enchant armour {unknown}
 q - 4 scrolls of teleportation {unknown}
 r - 2 scrolls of enchant weapon {unknown}
 A - a scroll of identify {unknown}
 C - a scroll of magic mapping
 D - a scroll of torment {unknown}
 F - a scroll of blinking {unknown}
Potions
 f - a potion of haste
 i - a potion of might {unknown}
 j - 2 potions of heal wounds {unknown}
 m - a potion of cancellation {unknown}
 o - 4 potions of flight
 t - a potion of invisibility {unknown}
 w - a potion of curing {unknown}


   Skills:
 + Level 4.9 Fighting
 - Level 2.1 Short Blades
 + Level 7.2 Dodging
 + Level 10.6 Stealth


You had 6 spell levels left.
You didn't know any spells.
Your spell library contained the following spells:

 Spells                   Type           Power      Damage    Failure   Level
 Blink                    Tloc           N/A        N/A       43%         2
 Tukima's Dance           Hex            0%         N/A       67%         3
 Passage of Golubria      Tloc           N/A        N/A       97%         4
 Manifold Assault         Tloc           0%         N/A       100%        5
 Yara's Violent Unravell  Hex/Tmut       0%         3d3       100%        5
 Storm Form               Tmut/Air       0%         N/A       100%        7


Dungeon Overview and Level Annotations

Branches:
Dungeon (6/15)             Temple (1/1) D:5           Sewer (visited)

Altars:
Cheibriados
Elyvilon
Hepliaklqana
Kikubaaqudgha
Makhleb
Nemelex Xobeh
Qazlal
Ru
Trog
Uskayaw
Vehumet
Wu Jian
Xom
Yredelemnul
Lugonu

Shops:
D:2 *


Innate Abilities, Weirdness & Mutations

You are very small and have problems with some larger weapons.
You are too small for most types of armour.
You have supernaturally acute eyesight. (SInv)
You cover ground extremely quickly. (Speed+++)


Message History

The water moccasin barely misses you.
The water moccasin completely misses you.
You closely miss the water moccasin.
The water moccasin is severely wounded.
The water moccasin barely misses you.
You hit the water moccasin.
The water moccasin is almost dead.
The water moccasin bites you! The water moccasin barely misses you.
You hit the water moccasin.
The water moccasin is almost dead.
A bullfrog comes into view.
The water moccasin bites you.
You closely miss the water moccasin.
The water moccasin is almost dead.
The water moccasin bites you!
You are lethally poisoned!
The water moccasin poisons you!
The bullfrog croaks.
You hit the water moccasin but do no damage.
The water moccasin is almost dead.
You feel very sick. The water moccasin barely misses you.
The water moccasin misses you.
You hit the water moccasin.
The water moccasin is almost dead.
* * * LOW HITPOINT WARNING * * *
You feel very sick.
The water moccasin completely misses you.
You closely miss the water moccasin.
The water moccasin is almost dead.
* * * LOW HITPOINT WARNING * * *
You feel very sick. The water moccasin misses you.
The water moccasin bites you.
* * * LOW HITPOINT WARNING * * *
You are more poisoned.
The water moccasin poisons you!
Unknown command.
Unknown command.
You hit the water moccasin.
You kill the water moccasin!
You die...

#########
#.......####
#..........#
#.......##.#
#.......##.#######
#.......##........
###..@†F..##.....)..
#.........##.######.
#.###.......<# #.#
#..#####[# #.# #..#
#.# #.# #..# #.# #.#
#..# ###.#####.# #.#
#..# #..........
#.####.# #.#.#####.#


You could see a bullfrog.

Vanquished Creatures
  A water moccasin (D:6)
  2 necrophages (D:5)
  2 phantoms (D:5)
  2 scorpions
  A water moccasin skeleton (D:5)
  A bullfrog zombie (D:5)
  2 orc priests
  2 jellies (D:5)
  A centaur skeleton (D:2)
  7 gnolls
  4 adders
  A river rat (D:3)
  An adder skeleton (D:4)
  6 worms
  2 dart slugs
  5 orcs
  8 ball pythons
  11 bats
  10 endoplasms
  3 giant cockroaches (Sewer)
  5 goblins
  4 hobgoblins
  8 jackals
  7 quokkas
  3 frilled lizards
  5 kobolds
  8 rats
112 creatures vanquished.

Vanquished Creatures (others)
  26 plants
26 creatures vanquished.

Grand Total: 138 creatures vanquished

Notes
Turn   | Place    | Note
-------+----------+-------------------------------------------
     0 | D:5      | ddubois the Spriggan Delver began the quest for the Orb.
     0 | D:5      | Reached XP level 1. HP: 11/11 MP: 2/2
     3 | D:5      | Noticed an orc priest
    17 | D:5      | Noticed a phantom
    20 | D:5      | Noticed a jelly
    21 | D:5      | Noticed a necrophage
   351 | D:5      | Noticed a phantom
   427 | D:4      | Reached XP level 2. HP: 16/16 MP: 3/3
   894 | D:3      | Found a glowing drain.
   898 | Sewer    | Entered a sewer
   920 | Sewer    | Reached XP level 3. HP: 18/19 MP: 4/4
  1800 | Sewer    | Reached skill level 8 in Stealth
  2285 | D:2      | Found Gyonuon's General Store.
  2325 | D:2      | Reached XP level 4. HP: 23/24 MP: 5/5
  3193 | D:1      | Reached XP level 5. HP: 28/28 MP: 6/6
  5026 | D:3      | Found a snail-covered altar of Cheibriados.
  5273 | D:3      | Reached skill level 5 in Dodging
  5721 | D:3      | Reached skill level 9 in Stealth
  6438 | D:4      | Reached XP level 6. HP: 33/33 MP: 7/7
  6824 | D:5      | Found a bloodstained altar of Trog.
  7578 | D:5      | Reached XP level 7. HP: 37/37 MP: 8/8
  7781 | D:5      | Reached skill level 10 in Stealth
  8423 | D:5      | Found a staircase to the Ecumenical Temple.
  9098 | D:5      | Found a shimmering altar of Xom.
  9103 | D:5      | Found a white marble altar of Elyvilon.
  9106 | D:5      | Found an ancient bone altar of Kikubaaqudgha.
  9488 | Temple   | Entered the Ecumenical Temple
  9526 | Temple   | Became a worshipper of Ru the Awakened
  9816 | D:6      | HP: 1/38 [water moccasin (6)]
  9817 | D:6      | Succumbed to a water moccasin's poison

Illustrated notes

Levels and vault maps discovered:
D:1:      dpeg_arrival_water_temple_mockup, layout_rooms,
          kennysheep_nondescript, st_stairs_4
D:2:      layout_basic, serial_shops, shop
D:3:      layout_loops_ring, lemuel_round_altar, lightli_sewer_entry_pipes,
          serial_bayou_lagoon_a
D:4:      layout_loops_ring, st_stairs_4
D:5:      layout_cave_pods, gammafunk_temple_overflow_forgotten,
          mainiacjoe_overflow_concentric_impassable, minmay_temple_entry_tees
D:6:      layout_loops_ring, lemuel_tele_altar, mainiacjoe_overflow_brackets,
          uniq_blork_the_orc
Temple:   corrupted_temple

Skill      XL: |  1  2  3  4  5  6  7 |
---------------+----------------------+-----
Dodging        | 3 4 5 6 7 |  7.2
Fighting       | 3 4 |  4.9
Stealth        | 8 9 10 | 10.6
Short Blades   | |  2.1

Action                   |  1- 3 |  4- 6 |  7- 9 || total
-------------------------+-------+-------+-------++-------
Melee: Short sword       |   119 |   169 |    73 ||   361
       Spear             |       |   227 |    65 ||   292
 Fire: Hunting sling     |       |   118 |     3 ||   121
Throw: Stone             |       |     5 |     2 ||     7
Evoke: Wand              |     1 |     1 |     1 ||     3
  Use: Scroll            |     1 |       |       ||     1
       Potion            |     2 |       |       ||     2
 Stab: Sleeping          |    17 |    15 |     2 ||    34
       Distracted        |       |     2 |       ||     2
Armor: Robe              |    22 |    15 |     6 ||    43
Dodge: Dodged            |   126 |   168 |    87 ||   381
